 Dungeon Crawl Stone Soup version 0.30.1-4-g462c640d31 (webtiles) character file.

Game seed: 10981227584513860927

23020 Peloso the Cleaver (level 13, -2/103 HPs)
             Began as a Formicid Fighter on Sept 6, 2023.
             Was a High Priest of Okawaru.
             Slain by a yak (6 damage)
             ... on level 4 of the Lair of Beasts.
             The game lasted 00:36:29 (14700 turns).

Peloso the Cleaver (Formicid Fighter)              Turns: 14700, Time: 00:36:30

Health: -2/103     AC: 25    Str: 26    XL:     13   Next: 32%
Magic:  0/13       EV:  7    Int: 10    God:    Okawaru [*****.]
Gold:   124        SH:  0    Dex: 24    Spells: 12/12 levels left

rFire   + . .        e - +8 executioner's axe "Atwobo" {flame, rC++}
rCold   + + +        (no shield)
rNeg    . . .        F - +0 crystal plate armour
rPois   .            (helmet unavailable)
rElec   .            P - +0 cloak
rCorr   .            (no gloves)
SInv    +            B - +1 pair of boots
Will    ++...        h - amulet of guardian spirit Stlth
                     o - +6 ring of strength
HPRegen 0.37/turn    w - ring "Jenyiwka" {rF+ rC+ Will+ Dex+7}
MPRegen 0.13/turn

%: guardian spirit
@: no status effects
A: permanent stasis, dig shafts and tunnels, antennae 3, four strong arms
a: Dig, Shaft Self, Renounce Religion, Heroism, Finesse, Duel


You were on level 4 of the Lair of Beasts.
You worshipped Okawaru.
Okawaru was extremely pleased with you.
You visited 3 branches of the dungeon, and saw 15 of its levels.
You also visited: Bailey.

You collected 728 gold pieces.
You spent 604 gold pieces at shops.

Inventory:

Hand Weapons
 a - a +3 scimitar of freezing
 b - a +1 scimitar of flaming
 c - a +5 falchion
 e - the +8 executioner's axe "Atwobo" (weapon) {flame, rC++}
   (You found it in a bailey)

   rC:        It greatly protects you from cold.
Missiles
 y - a throwing net
Armour
 d - a +2 buckler
 B - a +1 pair of boots (worn)
 F - a +0 crystal plate armour (worn)
 L - the +1 plate armour "Ipnouqejun" {*Corrode Str+5 Int+5}
   (You bought it in a shop on level 1 of the Dungeon)

   Str:       It affects your strength (+5).
   Int:       It affects your intelligence (+5).
   *Corrode:  It may corrode you when you take damage.
 P - a +0 cloak (worn)
Jewellery
 h - an amulet of guardian spirit (around neck)
 o - a +6 ring of strength (left hand)
 w - the ring "Jenyiwka" (right hand) {rF+ rC+ Will+ Dex+7}
   (You acquired it in a bailey)

   [ring of protection from cold]

   Dex:       It affects your dexterity (+7).
   rF:        It protects you from fire.
   rC:        It protects you from cold.
   Will:      It increases your willpower.
 A - a ring of positive energy
 D - a ring of protection from fire
 E - an amulet of faith
 J - an amulet of the acrobat
 T - a +6 ring of strength
Wands
 q - a wand of paralysis (14)
 u - a wand of roots (19)
 I - a wand of digging (7)
 S - a wand of acid (5)
Scrolls
 f - 2 scrolls of enchant armour
 g - a scroll of enchant weapon
 m - 2 scrolls of amnesia
 n - a scroll of butterflies
 p - 2 scrolls of immolation
 s - 2 scrolls of brand weapon {unknown}
 x - 2 scrolls of fog {unknown}
 C - a scroll of silence {unknown}
 H - a scroll of vulnerability {unknown}
 M - 2 scrolls of noise {unknown}
 Q - 2 scrolls of identify
 R - a scroll of poison {unknown}
Potions
 i - a potion of might
 j - 2 potions of curing
 k - 4 potions of lignification
 l - 3 potions of flight
 t - 2 potions of resistance
 v - 3 potions of mutation
 z - a potion of cancellation {unknown}
 G - 2 potions of ambrosia
 K - a potion of haste {unknown}
 N - 2 potions of brilliance {unknown}
 O - a potion of magic {unknown}


   Skills:
 + Level 10.2 Fighting
 + Level 10.5 Long Blades
 + Level 11.7 Axes
 + Level 11.5 Armour
 + Level 2.4 Dodging
 + Level 1.1 Stealth
 + Level 8.9 Shields
 + Level 1.0 Invocations


You had 12 spell levels left.
You didn't know any spells.
Your spell library contained the following spells:

 Spells                   Type           Power      Damage    Failure   Level
 Volatile Blastmotes      Fire/Tloc      0%         2d10      100%        3
 Fulminant Prism          Conj/Hex       0%         3d5       100%        4
 Iskenderun's Mystic Bla  Conj/Tloc      0%         2d3       100%        4
 Passage of Golubria      Tloc           0%         N/A       100%        4
 Lee's Rapid Deconstruct  Erth           0%         3d4*      100%        5
 Yara's Violent Unravell  Hex/Tmut       0%         3d3       100%        5
 Tukima's Dance           Hex            Unusable   N/A       N/A         3

Dungeon Overview and Level Annotations

Branches:
Dungeon (11/15)            Temple (1/1) D:6            Lair (2/5) D:11
 Bailey (visited)
  Swamp: Lair:2-3    Shoals: Lair:2-3     Snake: Lair:2-3    Spider: Lair:2-3
    Orc: D:9-12

Altars:
Ashenzari
Cheibriados
Dithmenos
Elyvilon
Fedhas
Gozag
Hepliaklqana
Kikubaaqudgha
Makhleb
Nemelex Xobeh
Okawaru
Qazlal
Ru
Sif Muna
Trog
Uskayaw
Vehumet
Wu Jian
Xom
Yredelemnul
Zin
The Shining One

Shops:
D:1 *   D:3 [![[   D:9 !   D:11 *

Annotations:
D:9 3 runed translucent doors, Quickbrownfox's ghost, journeyman OpCj


Innate Abilities, Weirdness & Mutations

You cannot be hasted, slowed, berserked, paralysed or teleported.
You can dig through walls and to a lower floor.
You have a pair of large antennae on your head. (SInv)
Your four strong arms can wield two-handed weapons with a shield.


Message History

You see here a yak corpse.
Unknown command.
You slice the rime drake!! You burn the rime drake!
You kill the rime drake!
Okawaru accepts your kill.
You slice the death yak!! You burn the death yak.
Unknown command.
The death yak attacks as you move away! The death yak gores you!
* * * LOW HITPOINT WARNING * * *
Found 20 gold pieces.
The yak closely misses you.
You feel much better. The yak gores you! The death yak gores you!!
* * * LOW HITPOINT WARNING * * *
The yak barely misses you.
Unknown command.
You barely miss the death yak. You hit the death yak but do no damage.
You slice the yak!! You burn the yak!
You kill the yak!
Okawaru accepts your kill.
You slash the yak! You burn the yak. You closely miss the yak.
The death yak closely misses you.
The yak gores you but does no damage. x2
The death yak gores you.
* * * LOW HITPOINT WARNING * * *
A yak comes into view.
The yak barely misses you. The death yak closely misses you.
You feel much better.
You feel like a meek peon again.
The yak bellows!
The death yak gores you!
* * * LOW HITPOINT WARNING * * *
The death yak gores you.
* * * LOW HITPOINT WARNING * * *
You feel much better. The death yak gores you. The death yak gores you!
* * * LOW HITPOINT WARNING * * *
The death yak gores you!
* * * LOW HITPOINT WARNING * * *
The yak gores you!
* * * LOW HITPOINT WARNING * * *
The yak gores you.
You die...

........ .......
....$..P ......l
.......#...#...
.....#.....#!.
##..##YY......
#...#.#...#...
#...FYYY...#
##.YYYlY...#..
#..@Y........
#..YY........ #####
##...#P#......
###.#.#####...^###P.....
#P..##.........P##...#..
#..........#........###
#...................#
#P.##.....###.......#
#####P...## ##...##.#


You could see 5 death yaks, a komodo dragon, 7 yaks and a bullfrog.

Vanquished Creatures
  A hydra (Lair:2)
  A boulder beetle (D:11)
  Erica (D:11)
  A death yak (Lair:4)
  Lodul (D:10)
  An orc knight (Bailey)
  Maurice (D:11)
  A black mamba (Lair:4)
  6 elephants (Lair:1)
  An unseen horror (D:10)
  2 rime drakes
  3 komodo dragons
  4 cane toads
  2 hornets
  4 trolls
  Prince Ribbit (D:7)
  8 blink frogs (Lair:1)
  A shadow (D:11)
  2 wyverns
  A vampire (D:9)
  A wraith (D:10)
  13 yaks
  7 vampire mosquitoes
  4 acid dragons
  A water moccasin (Lair:1)
  5 ice beasts
  9 orc warriors
  A sky beast (D:7)
  5 black bears
  7 wolves
  11 ogres
  7 centaurs
  A phantom (D:6)
  3 bullfrogs
  2 kobold brigands
  A gnoll sergeant (D:6)
  A scorpion (D:5)
  13 wights
  20 killer bees
  2 electric eels (D:7)
  7 howler monkeys
  5 hounds
  7 orc priests
  3 jellies (D:6)
  Jessica (D:2)
  4 iguanas (D:6)
  10 orc wizards
  10 gnolls
  8 adders
  A shadow imp (D:7)
  A white imp (D:6)
  A worm (D:3)
  4 dart slugs
  55 orcs
  2 ball pythons
  6 endoplasms
  A giant cockroach (D:4)
  9 goblins
  4 hobgoblins
  6 jackals
  7 quokkas
  6 bats
  3 frilled lizards
  12 kobolds
  3 rats
333 creatures vanquished.

Notes
Turn   | Place    | Note
-------+----------+-------------------------------------------
     0 | D:1      | Peloso the Formicid Fighter began the quest for the Orb.
     0 | D:1      | Reached XP level 1. HP: 18/18 MP: 1/1
   315 | D:1      | Reached XP level 2. HP: 24/24 MP: 2/2
   481 | D:1      | Found Nupry's Assorted Antiques.
   827 | D:2      | Reached XP level 3. HP: 16/30 MP: 3/3
   961 | D:2      | Noticed Jessica
   966 | D:2      | Killed Jessica
   967 | D:2      | Reached XP level 4. HP: 31/37 MP: 4/4
  1693 | D:3      | Found Xyameil's Antique Armour Shoppe.
  1787 | D:3      | Found Fakomodu's Armour Shoppe.
  1880 | D:3      | Found Jairruim's Distillery.
  1917 | D:3      | Found Acsas's Antique Armour Boutique.
  2080 | D:3      | Reached XP level 5. HP: 42/42 MP: 5/5
  2499 | D:4      | Found a glowing golden altar of the Shining One.
  2598 | D:4      | Reached XP level 6. HP: 33/48 MP: 6/6
  2607 | D:4      | Reached skill level 5 in Armour
  2607 | D:4      | Reached skill level 1 in Dodging
  2837 | D:4      | Found a hide-covered altar of Uskayaw.
  3091 | D:5      | Entered Level 5 of the Dungeon
  3185 | D:5      | Reached XP level 7. HP: 43/54 MP: 7/7
  3282 | D:5      | Found an ancient bone altar of Kikubaaqudgha.
  3296 | D:5      | Reached skill level 5 in Shields
  3525 | D:5      | Reached skill level 5 in Long Blades
  3642 | D:5      | Found a basalt altar of Yredelemnul.
  4147 | D:6      | Reached XP level 8. HP: 59/61 MP: 8/8
  4209 | D:5      | Reached skill level 5 in Fighting
  4866 | D:6      | Reached XP level 9. HP: 15/68 MP: 9/9
  5167 | D:6      | Found a blossoming altar of Fedhas.
  5355 | D:6      | Found a hazy altar of Hepliaklqana.
  5609 | D:6      | Found a staircase to the Ecumenical Temple.
  5632 | Temple   | Entered the Ecumenical Temple
  6394 | D:7      | Reached XP level 10. HP: 70/77 MP: 10/10
  6419 | D:7      | Found a white marble altar of Elyvilon.
  6707 | D:7      | Noticed Prince Ribbit
  6975 | D:7      | Killed Prince Ribbit
  7023 | D:7      | Found a shimmering blue altar of Sif Muna.
  7091 | D:7      | Found a snail-covered altar of Cheibriados.
  7799 | D:8      | Found a radiant altar of Vehumet.
  7902 | D:8      | Found an iron altar of Okawaru.
  7933 | D:8      | Became a worshipper of Warmaster Okawaru
  8095 | D:8      | Found an ornate altar of the Wu Jian Council.
  8285 | D:9      | Found Zenk's Distillery.
  8332 | D:9      | Found a runed translucent gate.
  8332 | D:9      | Found a runed translucent gate.
  8332 | D:9      | Noticed a kobold demonologist
  8332 | D:9      | Noticed a kobold demonologist
  8332 | D:9      | Noticed Quickbrownfox's ghost (journeyman OpCj)
  8333 | D:9      | Found a runed translucent gate.
  8393 | D:9      | HP: 3/79 [killer bee (1)]
  8430 | D:9      | Identified the +5 short sword "Kotoyzyu" {drain, *Noise
                  | Int+3}
  8474 | D:9      | Found a stormy altar of Qazlal.
  8508 | D:9      | Reached * piety under Okawaru
  8582 | D:9      | Reached skill level 10 in Long Blades
  8601 | D:9      | Found a flagged portal.
  8626 | Bailey   | Entered a bailey
  9356 | Bailey   | Reached ** piety under Okawaru
  9357 | Bailey   | Reached skill level 1 in Stealth
  9651 | Bailey   | Reached XP level 11. HP: 43/67 MP: 7/11
  9859 | Bailey   | Identified the +8 executioner's axe "Atwobo" {flame, rC++}
  9873 | Bailey   | Noticed an orc knight
  9878 | Bailey   | Reached skill level 1 in Axes
  9884 | Bailey   | Killed an orc knight
  9891 | Bailey   | Identified the +8 bardiche "Ijuar" {elec, rPois rF- rN+
                  | Str+3}
 10230 | D:9      | Identified the +6 ring mail of Ximpaepso {+Blink rC+ Int-5}
 11048 | D:10     | Entered Level 10 of the Dungeon
 11140 | D:10     | Noticed Lodul
 11157 | D:10     | Killed Lodul
 11157 | D:10     | Reached *** piety under Okawaru
 11158 | D:10     | Reached skill level 5 in Axes
 11431 | D:10     | Reached **** piety under Okawaru
 11432 | D:10     | Reached skill level 10 in Armour
 12353 | D:1      | Bought a dazzling plate armour for 532 gold pieces
 12353 | D:1      | Identified the +1 plate armour "Ipnouqejun" {*Corrode Str+5
                  | Int+5} (You bought it in a shop on level 1 of the Dungeon)
 12353 | D:1      | Bought a scroll labelled RULAHI CIOCA for 19 gold pieces
 12353 | D:1      | Bought a scroll labelled AMIXOF WEVUA for 19 gold pieces
 12353 | D:1      | Bought a white potion for 17 gold pieces
 12353 | D:1      | Bought a dark potion for 17 gold pieces
 12353 | D:1      | Acquired the ring "Jenyiwka" {rF+ rC+ Will+ Dex+7}
 12523 | D:11     | Noticed Erica
 12605 | D:11     | Noticed Maurice
 12606 | D:11     | Killed Erica
 12607 | D:11     | Reached XP level 12. HP: 94/94 MP: 12/12
 12618 | D:11     | Killed Maurice
 12819 | D:11     | Found Boiratzoaj's General Store.
 12857 | D:11     | Found a staircase to the Lair.
 12865 | D:11     | Reached ***** piety under Okawaru
 12976 | D:11     | Noticed a boulder beetle
 12991 | D:11     | Killed a boulder beetle
 13179 | Lair:1   | Entered Level 1 of the Lair of Beasts
 13292 | Lair:1   | Received a gift from Okawaru
 13293 | Lair:1   | Reached skill level 1 in Invocations
 13312 | Lair:1   | Reached skill level 10 in Axes
 13829 | Lair:1   | Found a shimmering blue altar of Sif Muna.
 13921 | Lair:1   | Reached XP level 13. HP: 70/102 MP: 9/13
 14499 | Lair:2   | Noticed a four-headed hydra
 14512 | Lair:2   | Killed a one-headed hydra
 14635 | Lair:2   | You fall into a shaft and drop 2 floors!
 14675 | Lair:4   | Reached skill level 10 in Fighting
 14700 | Lair:4   | HP: 4/103 [yak (8)]
 14700 | Lair:4   | Slain by a yak

Illustrated notes

Levels and vault maps discovered:
D:1:      dpeg_arrival_castle, layout_loops_ring, serial_shops, shop
D:2:      layout_basic, uniq_jessica
D:3:      layout_loops_ring, serial_shops, nicolae_shop_tiny_waterfront, shop,
          shop, shop
D:4:      layout_cave_pools, nicolae_uskayaw_murder_on_the_dancefloor,
          nicolae_tso_carved_into_rock, serial_column_ruins, column_ruins_hut,
          column_ruins_grid_1, column_ruins_open_tiny, column_ruins_grid_4,
          column_ruins_open_tiny, column_ruins_corridor_corner,
          column_ruins_columns_dead_end, nicolae_concentric_dashed_squares_mild
D:5:      layout_loops_ring, kiku_gazebo_pond_becter,
          mainiacjoe_overflow_boulevard
D:6:      layout_basic, mainiacjoe_overflow_cross_hatched, lemuel_tele_altar,
          minmay_temple_entry_nine_rooms, minmay_circle_x
D:7:      layout_loops_ring, lemuel_crystal_altar, kennysheep_mini_moat,
          nicolae_elyvilon_temple_path, uniq_prince_ribbit1
D:8:      layout_gridville, lemuel_doored_altar, general_overflow_altar,
          mainiacjoe_overflow_alcove_4
D:9:      layout_roguey, lemuel_crystal_altar, enter_bailey_7,
          gammafunk_ghost_nasty_kobolds, serial_shops, shop
D:10:     layout_roguey, uniq_lodul
D:11:     layout_rooms, hellmonk_lair_entry_icy, serial_shops,
          nicolae_shop_tiny_glass, uniq_erica, uniq_maurice
Temple:   hellmonk_temple_beads
Lair:1:   layout_regular_city, basic_altar
Lair:2:   layout_big_grid, elwin_shoals_entry_stream,
          nicolae_spider_entry_non_spiders, st_stairs_7, minivault_27,
          patterned_corridor
Lair:4:   nzn_winding_woodlands_small [nzn_winding_woodlands_5x15_pool,
          nzn_winding_woodlands_center_triple_pond,
          nzn_winding_woodlands_5x15_crooked], layout_gridlike, uniq_snorg

Skill      XL: |  1  2  3  4  5  6  7  8  9 10 11 12 13 |
---------------+----------------------------------------+-----
Armour         | 4 5 6 7 8 10 11 | 11.5
Long Blades    | 3 4 5 6 8 10 | 10.5
Fighting       | 4 5 6 7 8 9 10 | 10.2
Dodging        | 1 2 |  2.4
Shields        | 5 6 7 8 |  8.9
Stealth        | 1 |  1.1
Axes           | 7 10 11 | 11.7
Invocations    | 1 |  1.0

Action                     |  1- 3 |  4- 6 |  7- 9 | 10-12 | 13-15 || total
---------------------------+-------+-------+-------+-------+-------++-------
  Melee: Long sword        |    53 |   201 |   405 |   218 |       ||   877
         Scimitar          |       |       |       |   140 |       ||   140
         Executioner's axe |       |       |       |   205 |    45 ||   250
         Punch             |       |       |       |     7 |     1 ||     8
 Invoke: Heroism           |       |       |       |     3 |     1 ||     4
Ability: Dig               |     1 |       |       |    10 |     3 ||    14
         Shaft Self        |       |       |       |       |     1 ||     1
    Use: Scroll            |     5 |       |     1 |    12 |       ||    18
         Potion            |       |     2 |       |     6 |     3 ||    11
   Stab: Paralysed         |       |     3 |       |       |       ||     3
 Armour: Scale mail        |    28 |    91 |    53 |       |       ||   172
         Chain mail        |       |       |   114 |    11 |       ||   125
         Plate armour      |       |       |       |   138 |       ||   138
         Crystal plate arm |       |       |       |   316 |    50 ||   366
  Dodge: Dodged            |    32 |    94 |   130 |   253 |    30 ||   539
  Block: Buckler           |    29 |    66 |   163 |   156 |       ||   414
